 Dungeon Crawl Stone Soup version 0.31.0-9-g3a7656b989 (webtiles) character file.

Game seed: 15066366602442448238

4678 qw the Skirmisher (level 10, -16/60 HPs)
             Began as a Deep Elf Hunter on Feb 3, 2024.
             Was a Priest of Okawaru.
             Demolished by a boulder beetle (28 damage)
             ... on level 7 of the Dungeon.
             The game lasted 00:00:42 (5851 turns).

qw the Skirmisher (Deep Elf Hunter)                 Turns: 5851, Time: 00:00:42

Health: -16/60     AC: 10    Str: 12    XL:     10   Next: 21%
Magic:  14/15      EV: 19    Int: 15    God:    Okawaru [***...]
Gold:   368        SH:  0    Dex: 20    Spells: 9/9 levels left

rFire   + . .        f - +9 sling "Tattletale" {speed, Dex+2}
rCold   + . .        (no shield)
rNeg    . . .        k - +0 ring mail
rPois   +            (no helmet)
rElec   +            g - +1 cloak
rCorr   +            b - +0 pair of gloves
SInv    .            (no boots)
Will    +....        (no amulet)
Stlth   +++          (no ring)
HPRegen 0.30/turn    (no ring)
MPRegen 0.14/turn

%: no passive effects
@: resistant, heroic
A: no striking features
a: Renounce Religion, Heroism


You were on level 7 of the Dungeon.
You worshipped Okawaru.
Okawaru was most pleased with you.
You visited 1 branch of the dungeon, and saw 7 of its levels.

You collected 498 gold pieces.
You spent 130 gold pieces at shops.


   Skills:
 - Level 6.1(11.1) Fighting
 - Level 14.0(19.0) Ranged Weapons
 - Level 2.0(7.0) Armour
 + Level 8.8(13.8) Dodging
 - Level 1.2(6.2) Stealth
 - Level 4.0 Invocations


You had 9 spell levels left.
You didn't know any spells.
Your spell library was empty.

Inventory:

Hand Weapons
 f - the +9 sling "Tattletale" (weapon) {speed, Dex+2}
   (You found it on level 2 of the Dungeon)

   Dex+2:     It affects your dexterity (+2).
Armour
 b - a +0 pair of gloves (worn)
 g - a +1 cloak (worn)
 k - a +0 ring mail (worn)
Wands
 h - a wand of polymorph (9)
Scrolls
 e - a scroll of identify
Potions
 c - 2 potions of might
 d - a potion of mutation
 i - a potion of enlightenment

Dungeon Overview and Level Annotations

Branches:
Dungeon (7/15)             Temple (0/1) D:7

Altars:
Ashenzari
Nemelex Xobeh
Okawaru
Xom
Zin

Shops:
D:3 *   D:4 :

Annotations:
D:7 Jeremiah


Message History

The boulder beetle misses you.
You shoot a sling bullet.
The sling bullet hits the boulder beetle.
The boulder beetle is moderately wounded.
The boulder beetle leaps!
You start resting.
A boulder beetle is nearby!
You shoot a sling bullet.
The sling bullet hits the boulder beetle but does no damage.
The boulder beetle is moderately wounded.
You shoot a sling bullet.
The sling bullet hits the boulder beetle!
The boulder beetle is moderately wounded.
You shoot a sling bullet.
The sling bullet hits the boulder beetle!
The boulder beetle is heavily wounded.
You shoot a sling bullet.
The sling bullet hits the boulder beetle but does no damage.
The boulder beetle is heavily wounded.
The boulder beetle curls into a ball and begins rolling!
You shoot a sling bullet.
The sling bullet hits the boulder beetle!
The boulder beetle is severely wounded.
You shoot a sling bullet.
The sling bullet hits the boulder beetle.
The boulder beetle is severely wounded.
You shoot a sling bullet.
The sling bullet hits the boulder beetle but does no damage.
The boulder beetle is severely wounded.
You shoot a sling bullet.
The sling bullet hits the boulder beetle but does no damage.
The boulder beetle is severely wounded.
You shoot a sling bullet.
The sling bullet hits the boulder beetle but does no damage.
The boulder beetle is severely wounded.
You shoot a sling bullet.
The sling bullet hits the boulder beetle!
The boulder beetle is severely wounded.
The boulder beetle hits you!!
You die...

..............)..
..........#.#...# .
#..........##... ..
##........)..... .##
....###.###...... ..#
...##.))).##.....
#.##.##..#)#..##....
#.###..##.##..##... ##..
..##@#..#...).#..#... #$..
..!#B#.##.....##.#...
#)!$#[?)#.0...............
#
#?..u..[#.#0##.....##.#...
#.
#.....##.#.0#.....#..#...
#.
#...##.###..##.##..##...
#.##.##.## ##..#.#..##....
#...%.## ##.....##.....
###.### ###.###......


You could see a boulder beetle (rolling).

Vanquished Creatures
  2 ugly things (D:7)
  A komodo dragon (D:7)
  Eustachio (D:4)
  A vampire mosquito (D:7)
  4 water moccasins
  3 ice beasts
  An orc warrior (D:7)
  A black bear (D:7)
  3 sky beasts (D:7)
  2 ogres
  4 centaurs
  2 kobold brigands (D:7)
  3 bullfrogs (D:7)
  A scorpion (D:6)
  5 wights (D:6)
  A howler monkey (D:7)
  4 orc priests
  2 gnoll boudas
  5 hounds
  3 jellies
  A sleepcap (D:5)
  4 iguanas
  7 orc wizards
  8 gnolls
  8 adders
  A shadow imp (D:7)
  A white imp (D:6)
  2 ufetubi (D:6)
  2 dart slugs
  A ribbon worm (D:3)
  33 orcs
  6 endoplasms
  2 giant cockroaches
  11 goblins
  10 hobgoblins
  6 quokkas
  5 ball pythons
  7 bats
  4 frilled lizards
  12 kobolds
  13 rats
193 creatures vanquished.

Notes
Turn   | Place    | Note
-------+----------+-------------------------------------------
     0 | D:1      | qw the Deep Elf Hunter began the quest for the Orb.
     0 | D:1      | Reached XP level 1. HP: 12/12 MP: 3/3
     0 | D:1      | 0 ||| qw: Version: 0.3-a-155-g5e7d8dd
     0 | D:1      | 0 ||| qw: Game counter: 2985
     0 | D:1      | 0 ||| qw: Melee chars always use a shield: true
     0 | D:1      | 0 ||| qw: God list: Okawaru
     0 | D:1      | 0 ||| qw: Allow faded altars: false
     0 | D:1      | 0 ||| qw: Do Orc after clearing Dungeon:15 true
     0 | D:1      | 0 ||| qw: Do second Lair branch before Depths: true
     0 | D:1      | 0 ||| qw: Lair rune preference: random
     0 | D:1      | 0 ||| qw: Goals: Normal
     0 | D:1      | 0 ||| PLANNING D:1-11
   256 | D:1      | Reached XP level 2. HP: 16/16 MP: 4/4
   384 | D:1      | Reached skill level 6 in Ranged Weapons
   860 | D:1      | 860 ||| DROPPING +6 ring of intelligence.
   861 | D:1      | 861 ||| READING scroll labelled TOXEUKLACIE.
   861 | D:1      | 861 ||| ENCHANTING +0 shortbow.
   862 | D:1      | 862 ||| READING scroll labelled MEKLAT BAPNUO.
   862 | D:1      | 862 ||| IDENTIFYING black potion
   863 | D:1      | 863 ||| DROPPING scroll of butterflies.
   982 | D:2      | 982 ||| READING scroll of identify.
   982 | D:2      | 982 ||| IDENTIFYING bubbling yellow potion
  1029 | D:2      | 1029 ||| READING 2 scrolls of identify.
  1029 | D:2      | 1029 ||| IDENTIFYING metallic yellow potion
  1037 | D:2      | Reached XP level 3. HP: 20/20 MP: 5/5
  1630 | D:2      | Identified the +9 sling "Tattletale" {speed, Dex+2}
  1632 | D:2      | 1632 ||| SWAPPING to +9 sling "Tattletale" {speed, Dex+2}.
  1633 | D:2      | 1633 ||| DROPPING +0 shortbow.
  1681 | D:2      | Reached skill level 7 in Ranged Weapons
  1943 | D:3      | Found Kethro's Assorted Antiques.
  1953 | D:3      | 1953 ||| BUYING cloak (130 gold).
  1953 | D:3      | Bought a cloak for 130 gold pieces
  1953 | D:3      | 1953 ||| SHOPLISTING dark potion (26 gold, have 1).
  1953 | D:3      | 1953 ||| SHOPLISTING scroll labelled HOXTUE IZXALI (29
                  | gold, have 1).
  1953 | D:3      | 1953 ||| SHOPLISTING scroll labelled QEACIDWANA (29 gold,
                  | have 1).
  1953 | D:3      | 1953 ||| SHOPLISTING scroll labelled XOAMUIRIKE (29 gold,
                  | have 1).
  1953 | D:3      | 1953 ||| SHOPLISTING scroll labelled XOSHIZXEXEG (29 gold,
                  | have 1).
  1972 | D:3      | Reached XP level 4. HP: 25/25 MP: 6/6
  2148 | D:3      | Found a faded altar of an unknown god.
  2173 | D:3      | HP: 6/25 [poisoned by a kobold]
  2277 | D:3      | Found a shimmering altar of Xom.
  2400 | D:3      | Reached skill level 8 in Ranged Weapons
  2517 | D:3      | 2517 ||| UPGRADING to +0 cloak.
  2522 | D:3      | 2522 ||| UPGRADING to +0 ring mail.
  2532 | D:3      | 2532 ||| DROPPING +0 leather armour.
  2533 | D:3      | 2533 ||| READING scroll of enchant armour.
  2533 | D:3      | 2533 ||| ENCHANTING +0 cloak.
  2534 | D:3      | 2534 ||| READING 2 scrolls of identify.
  2534 | D:3      | 2534 ||| IDENTIFYING scroll labelled QUTEYRCHUENU
  2535 | D:3      | 2535 ||| READING scroll of identify.
  2535 | D:3      | 2535 ||| IDENTIFYING scroll labelled QICUMA WAOFITZ
  2536 | D:3      | 2536 ||| DROPPING scroll of poison.
  2537 | D:3      | 2537 ||| DROPPING scroll of fog.
  2757 | D:4      | Noticed an ogre
  2758 | D:4      | 2758 ||| DRINKING potion of haste.
  2766 | D:4      | Killed an ogre
  2767 | D:4      | Reached skill level 9 in Ranged Weapons
  2767 | D:4      | Reached XP level 5. HP: 29/29 MP: 7/7
  2768 | D:4      | Found Inwoxuan's Vocational Training.
  2946 | D:4      | 2946 ||| FLEEEEING.
  2947 | D:4      | 2947 ||| FLEEEEING.
  2948 | D:4      | 2948 ||| FLEEEEING.
  2949 | D:4      | 2949 ||| FLEEEEING.
  2950 | D:4      | 2950 ||| FLEEEEING.
  2951 | D:4      | 2951 ||| FLEEEEING.
  2957 | D:4      | 2957 ||| FLEEEEING.
  2982 | D:4      | Reached skill level 3 in Dodging
  2982 | D:4      | Reached XP level 6. HP: 35/35 MP: 8/8
  3062 | D:4      | Found a sparkling altar of Nemelex Xobeh.
  3124 | D:4      | Noticed Eustachio
  3127 | D:4      | 3127 ||| FLEEEEING.
  3128 | D:4      | 3128 ||| FLEEEEING.
  3129 | D:4      | 3129 ||| FLEEEEING.
  3130 | D:4      | 3130 ||| FLEEEEING.
  3131 | D:4      | 3131 ||| FLEEEEING.
  3132 | D:4      | 3132 ||| FLEEEEING.
  3133 | D:4      | 3133 ||| FLEEEEING.
  3134 | D:4      | 3134 ||| FLEEEEING.
  3135 | D:4      | 3135 ||| FLEEEEING.
  3136 | D:4      | 3136 ||| FLEEEEING.
  3137 | D:4      | 3137 ||| FLEEEEING.
  3138 | D:4      | 3138 ||| FLEEEEING.
  3139 | D:4      | 3139 ||| FLEEEEING.
  3140 | D:4      | 3140 ||| FLEEEEING.
  3141 | D:4      | 3141 ||| FLEEEEING.
  3142 | D:4      | 3142 ||| FLEEEEING.
  3143 | D:4      | 3143 ||| FLEEEEING.
  3144 | D:4      | 3144 ||| FLEEEEING.
  3145 | D:4      | 3145 ||| FLEEEEING.
  3146 | D:4      | 3146 ||| FLEEEEING.
  3147 | D:4      | 3147 ||| FLEEEEING.
  3148 | D:4      | 3148 ||| FLEEEEING.
  3149 | D:4      | 3149 ||| FLEEEEING.
  3150 | D:4      | 3150 ||| FLEEEEING.
  3151 | D:4      | 3151 ||| FLEEEEING.
  3152 | D:4      | 3152 ||| FLEEEEING.
  3153 | D:4      | 3153 ||| FLEEEEING.
  3154 | D:4      | 3154 ||| FLEEEEING.
  3155 | D:4      | 3155 ||| FLEEEEING.
  3156 | D:4      | 3156 ||| FLEEEEING.
  3157 | D:4      | 3157 ||| FLEEEEING.
  3158 | D:4      | 3158 ||| FLEEEEING.
  3159 | D:4      | 3159 ||| FLEEEEING.
  3160 | D:4      | 3160 ||| FLEEEEING.
  3161 | D:4      | 3161 ||| FLEEEEING.
  3162 | D:4      | 3162 ||| FLEEEEING.
  3163 | D:4      | 3163 ||| FLEEEEING.
  3164 | D:4      | 3164 ||| FLEEEEING.
  3165 | D:4      | 3165 ||| FLEEEEING.
  3166 | D:4      | 3166 ||| FLEEEEING.
  3167 | D:4      | 3167 ||| FLEEEEING.
  3168 | D:4      | 3168 ||| FLEEEEING.
  3169 | D:4      | 3169 ||| FLEEEEING.
  3170 | D:4      | 3170 ||| FLEEEEING.
  3171 | D:4      | 3171 ||| FLEEEEING.
  3172 | D:4      | 3172 ||| FLEEEEING.
  3173 | D:4      | 3173 ||| FLEEEEING.
  3174 | D:4      | 3174 ||| FLEEEEING.
  3175 | D:4      | 3175 ||| FLEEEEING.
  3176 | D:4      | 3176 ||| FLEEEEING.
  3177 | D:4      | 3177 ||| FLEEEEING.
  3178 | D:4      | 3178 ||| FLEEEEING.
  3179 | D:4      | 3179 ||| FLEEEEING.
  3180 | D:4      | 3180 ||| FLEEEEING.
  3332 | D:4      | Killed Eustachio
  3333 | D:4      | Reached skill level 10 in Ranged Weapons
  3416 | D:4      | 3416 ||| UPGRADING to +0 pair of gloves.
  3421 | D:4      | 3421 ||| READING 2 scrolls labelled QEACIDWANA.
  3522 | D:4      | 3522 ||| DROPPING scroll of vulnerability.
  3537 | D:5      | Entered Level 5 of the Dungeon
  3544 | D:5      | HP: 4/35 [centaur/arrow (7)]
  3545 | D:5      | 3545 ||| DRINKING potion of heal wounds.
  3547 | D:5      | Reached skill level 1 in Armour
  3547 | D:5      | Reached XP level 7. HP: 25/40 MP: 9/9
  3695 | D:5      | Reached skill level 11 in Ranged Weapons
  4030 | D:5      | Reached skill level 12 in Ranged Weapons
  4030 | D:5      | Reached XP level 8. HP: 44/44 MP: 10/10
  4250 | D:5      | 4250 ||| READING scroll of identify.
  4250 | D:5      | 4250 ||| IDENTIFYING glowing white potion
  4251 | D:5      | 4251 ||| READING scroll labelled USEODEWOSH.
  4252 | D:5      | 4252 ||| READING scroll labelled ESHUGRORIV.
  4283 | D:6      | 4283 ||| STAIRDANCE
  4398 | D:6      | 4398 ||| STAIRDANCE
  4406 | D:5      | Reached skill level 3 in Fighting
  4464 | D:6      | 4464 ||| STAIRDANCE
  4474 | D:6      | 4474 ||| STAIRDANCE
  4524 | D:6      | 4524 ||| STAIRDANCE
  4581 | D:6      | Reached skill level 13 in Ranged Weapons
  4639 | D:6      | 4639 ||| FLEEEEING.
  4640 | D:6      | 4640 ||| FLEEEEING.
  4643 | D:6      | 4643 ||| FLEEEEING.
  4657 | D:6      | 4657 ||| FLEEEEING.
  4658 | D:6      | 4658 ||| FLEEEEING.
  4661 | D:6      | 4661 ||| FLEEEEING.
  4662 | D:6      | 4662 ||| FLEEEEING.
  4663 | D:6      | 4663 ||| FLEEEEING.
  4664 | D:6      | 4664 ||| FLEEEEING.
  4665 | D:6      | 4665 ||| FLEEEEING.
  4666 | D:6      | 4666 ||| FLEEEEING.
  4667 | D:6      | 4667 ||| FLEEEEING.
  4668 | D:6      | 4668 ||| STAIRDANCE
  4686 | D:5      | 4686 ||| READING scroll labelled XOSHIZXEXEG.
  4687 | D:5      | 4687 ||| READING scroll labelled LUCVYR TEZEDU.
  4688 | D:5      | 4688 ||| READING scroll labelled HOXTUE IZXALI.
  4916 | D:6      | Found an iron altar of Okawaru.
  4917 | D:6      | 4917 ||| PLANNING OKAWARU WORSHIP
  4917 | D:6      | 4917 ||| READING scroll of identify.
  4917 | D:6      | 4917 ||| IDENTIFYING purple potion
  4925 | D:6      | Became a worshipper of Warmaster Okawaru
  4926 | D:6      | 4926 ||| PLANNING D:1-11
  5016 | D:6      | Found a glowing silver altar of Zin.
  5053 | D:6      | Reached skill level 14 in Ranged Weapons
  5065 | D:6      | Reached XP level 9. HP: 51/51 MP: 11/11
  5097 | D:6      | 5097 ||| READING scroll of identify.
  5097 | D:6      | 5097 ||| IDENTIFYING golden potion
  5115 | D:7      | 5115 ||| STAIRDANCE
  5157 | D:7      | 5157 ||| STAIRDANCE
  5184 | D:7      | 5184 ||| STAIRDANCE
  5193 | D:7      | Reached skill level 6 in Dodging
  5202 | D:7      | Reached * piety under Okawaru
  5216 | D:7      | Found a staircase to the Ecumenical Temple.
  5239 | D:7      | Reached skill level 1 in Invocations
  5326 | D:7      | 5326 ||| RETREEEEATING.
  5345 | D:7      | Reached skill level 3 in Invocations
  5385 | D:7      | 5385 ||| RETREEEEATING.
  5386 | D:7      | 5386 ||| RETREEEEATING.
  5391 | D:7      | 5391 ||| RETREEEEATING.
  5402 | D:7      | Reached ** piety under Okawaru
  5558 | D:7      | 5558 ||| RETREEEEATING.
  5595 | D:7      | 5595 ||| FLEEEEING.
  5596 | D:7      | 5596 ||| FLEEEEING.
  5597 | D:7      | 5597 ||| FLEEEEING.
  5600 | D:7      | 5600 ||| FLEEEEING.
  5601 | D:7      | 5601 ||| FLEEEEING.
  5602 | D:7      | 5602 ||| FLEEEEING.
  5603 | D:7      | 5603 ||| FLEEEEING.
  5604 | D:7      | 5604 ||| FLEEEEING.
  5718 | D:7      | Found a broken altar of Ashenzari.
  5722 | D:7      | Saw a vision of the Swamp and the Snake Pit.
  5722 | D:7      | Noticed a bog body
  5722 | D:7      | Noticed a bloated husk
  5722 | D:7      | Noticed a mana viper
  5722 | D:7      | Noticed a black mamba
  5722 | D:7      | Noticed a naga sharpshooter
  5722 | D:7      | Noticed a naga mage
  5722 | D:7      | Noticed an anaconda
  5722 | D:7      | Noticed Jeremiah
  5723 | D:7      | Noticed a naga mage
  5723 | D:7      | Noticed a naga warrior
  5723 | D:7      | Noticed a black mamba
  5724 | D:7      | Noticed a naga warrior
  5727 | D:7      | Noticed an eleionoma
  5796 | D:7      | Noticed a white ugly thing
  5796 | D:7      | Noticed a komodo dragon
  5797 | D:7      | Noticed a brown ugly thing
  5797 | D:7      | Noticed a cyan ugly thing
  5798 | D:7      | 5798 ||| RETREEEEATING.
  5799 | D:7      | 5799 ||| RETREEEEATING.
  5801 | D:7      | 5801 ||| RETREEEEATING.
  5802 | D:7      | 5802 ||| INVOKING Heroism.
  5803 | D:7      | 5803 ||| DRINKING potion of resistance.
  5810 | D:7      | Killed a komodo dragon
  5810 | D:7      | Reached *** piety under Okawaru
  5811 | D:7      | Reached XP level 10. HP: 22/59 MP: 12/15
  5811 | D:7      | 5811 ||| FLEEEEING.
  5812 | D:7      | 5812 ||| FLEEEEING.
  5813 | D:7      | 5813 ||| FLEEEEING.
  5814 | D:7      | 5814 ||| FLEEEEING.
  5814 | D:7      | Noticed a boulder beetle
  5815 | D:7      | 5815 ||| RETREEEEATING.
  5816 | D:7      | 5816 ||| RETREEEEATING.
  5817 | D:7      | 5817 ||| RETREEEEATING.
  5823 | D:7      | Killed a brown ugly thing
  5824 | D:7      | Reached skill level 6 in Fighting
  5828 | D:7      | Killed a brown ugly thing
  5835 | D:7      | HP: 9/60 [boulder beetle (11)]
  5838 | D:7      | 5838 ||| INVOKING Heroism.
  5851 | D:7      | Demolished by a boulder beetle

Levels and vault maps discovered:
D:1:      evilmike_arrival_hilbert_curve, layout_basic, serial_bayou,
          serial_bayou_lake_a, serial_bayou_pond_d, serial_bayou_pond_c,
          serial_bayou_shore_b, grunt_decor_cap
D:2:      minmay_inner_zag, layout_basic, minmay_rat_gold_closets
D:3:      layout_rooms, xom_confusion_cloud, serial_shops,
          nicolae_shop_waterfront, shapermc_ecumenical_altar_notcrosses,
          hangedman_decor_clover_reticule, kennysheep_nub
D:4:      layout_basic, nemelex_dance_club_becter, nicolae_shop_vocational,
          uniq_eustachio
D:5:      layout_loops_ring
D:6:      cheibrodos_quashed, layout_rooms, zin_scriptorium,
          okawaru_altar_gauntlet_db
D:7:      minmay_the_grid_octo_2x2 [minmay_the_grid_octo_checkerflower,
          minmay_the_grid_octo_concentric, minmay_the_grid_octo_horde,
          minmay_the_grid_octo_prize_big_c], layout_cave_pools,
          kennysheep_vampire_church, mainiacjoe_overflow_cross_hatched,
          grunt_ashenzari_visionary [grunt_ashenzari_visionary_swamp,
          grunt_ashenzari_visionary_snake], mainiacjoe_overflow_large_starburst,
          minmay_temple_entry_grid, serial_park, serial_park_square3
          [serial_park_minivault_5x5_2], serial_park_tiny_2, billiards_dpeg,
          uniq_crazy_yiuf_cottage, uniq_jeremiah

Skill      XL: |  1  2  3  4  5  6  7  8  9 10 |
---------------+-------------------------------+-----
Ranged Weapons | 6 7 9 10 12 14 | 14.0
Fighting       | 2 3 5 6 |  6.1
Dodging        | 3 4 5 8 |  8.8
Armour         | 1 2 |  2.0
Invocations    | 4 |  4.0
Stealth        | |  1.2

Action                     |  1- 3 |  4- 6 |  7- 9 | 10-12 || total
---------------------------+-------+-------+-------+-------++-------
   Fire: Shortbow          |    97 |       |       |       ||    97
         Sling             |    18 |   119 |   316 |    30 ||   483
 Invoke: Heroism           |       |       |     1 |     1 ||     2
    Use: Scroll            |     4 |     4 |     8 |       ||    16
         Potion            |       |     2 |     1 |       ||     3
 Armour: Leather armour    |    15 |     1 |       |       ||    16
         Ring mail         |       |     8 |    76 |     4 ||    88
  Dodge: Dodged            |    32 |     2 |    48 |     5 ||    87

Table legend:
 A = Non-vault XP
 B = Vault XP
 C = Vault XP percentage of total XP
 D = Non-vault monster count
 E = Vault monster count
 F = Vault count percentage of total count
                 A         B        C        D         E       F
            +---------+---------+-------+---------+---------+-------
      Total |    3137 |    3546 |  53.1 |     133 |      60 |  31.1
            +---------+---------+-------+---------+---------+-------
        D:1 |      26 |       0 |   0.0 |      17 |       0 |   0.0
        D:2 |      33 |      17 |  34.0 |      12 |      14 |  53.8
        D:3 |      61 |      24 |  28.2 |      23 |      12 |  34.3
        D:4 |     351 |     201 |  36.4 |      16 |       3 |  15.8
        D:5 |     990 |       0 |   0.0 |      26 |       0 |   0.0
        D:6 |    1189 |      24 |   2.0 |      25 |       6 |  19.4
        D:7 |     487 |    3280 |  87.1 |      14 |      25 |  64.1
            +---------+---------+-------+---------+---------+-------
